 Dungeon Crawl Stone Soup version 0.31.0-12-g77e489cdc1 (webtiles) character file.

Game seed: 4087868649961922680

1697 spaghetti the Fighter (level 9, -13/93 HPs)
             Began as a Naga Chaos Knight on Feb 28, 2024.
             Was a Plaything of Xom.
             Mangled by an ogre
             ... wielding a +0 giant club
              (33 damage)
             ... on level 6 of the Dungeon.
             The game lasted 00:05:46 (5377 turns).

spaghetti the Fighter (Naga Chaos Knight)           Turns: 5377, Time: 00:05:47

Health: -13/93     AC:  7    Str: 18 (19) XL:     9   Next: 3%
Magic:  9/9        EV:  9    Int: 15 (16) God:    Xom [..*...]
Gold:   386        SH:  0    Dex:  5 (7)  Spells: 8/8 levels left

rFire   . .          .
                       - Unarmed
rCold   . . .        (no shield)
rNeg    . . .        a - +2 leather armour
rPois   +            (no helmet)
rElec   .            f - +0 cloak
rCorr   .            (no gloves)
SInv    +            (no barding)
Will    +....        (no amulet)
Stlth   +            (no ring)
HPRegen 0.35/turn    (no ring)
MPRegen 0.11/turn

%: no passive effects
@: very slow
A: AC +3, large, see invisible, deformed body, poison resistance, slowness 2,
spit poison 1, naga tail 1, stinger 1, clever 1, clumsy 1, sense surroundings 1
a: Spit Poison, Renounce Religion


You were on level 6 of the Dungeon.
You worshipped Xom.
You were a toy of Xom.
You visited 1 branch of the dungeon, and saw 6 of its levels.

You collected 386 gold pieces.

Inventory:

Hand Weapons
 g - a +0 dagger of venom
Missiles
 r - 6 stones
Armour
 a - a +2 leather armour (worn)
 f - a +0 cloak (worn)
Wands
 d - a wand of mindburst (10)
 e - a wand of iceblast (8)
 n - a wand of flame (12)
 p - a wand of paralysis (5)
Scrolls
 b - a scroll of butterflies
 c - 4 scrolls of teleportation
 h - a scroll of blinking
 k - a scroll of immolation
 o - 2 scrolls of identify {unknown}
 s - a scroll of poison
Potions
 j - a potion of degeneration
 l - a potion of mutation
 m - a potion of heal wounds


   Skills:
 + Level 10.0 Fighting
 - Level 1.5 Armour
 - Level 0.7 Dodging
 - Level 4.0 Unarmed Combat
 - Level 5.0 Evocations


You had 8 spell levels left.
You didn't know any spells.
Your spell library contained the following spells:

 Spells                   Type           Power      Damage    Failure   Level
 Freeze                   Ice            0%         1d3       32%         1
 Sandblast                Erth           0%         2d4       32%         1
 Scorch                   Fire           0%         2d5       43%         2
 Frozen Ramparts          Ice            0%         1d1       67%         3
 Hailstorm                Conj/Ice       0%         3d5       67%         3
 Passwall                 Erth           0%         N/A       67%         3
 Stone Arrow              Conj/Erth      0%         3d7       67%         3
 Brom's Barrelling Bould  Conj/Erth      0%         2d3       97%         4
 Flame Wave               Conj/Fire      0%         2d4       97%         4
 Summon Cactus Giant      Summ           0%         N/A       100%        6


Dungeon Overview and Level Annotations

Branches:
Dungeon (6/15)
 Temple: D:4-7

Altars:
Cheibriados
Dithmenos
Fedhas
Kikubaaqudgha
Makhleb
Okawaru
Xom

Shops:
D:1 [=(   D:5 *


Innate Abilities, Weirdness & Mutations

Your serpentine skin is tough. (AC +3)
You have supernaturally acute eyesight. (SInv)
Armour fits poorly on your strangely shaped body.
Your system is resistant to poisons. (rPois)
You cover ground very slowly.
You can spit poison.
You have a snake-like lower body.
Your tail ends in a venomous barb.
Your mind is acute. (Int +4, Str/Dex -1)
You are clumsy. (Dex -2)
You passively map a small area around you.


Message History

You hit the ogre but do no damage.
The ogre is lightly wounded.
The ogre hits you with a +0 giant club!
You closely miss the ogre.
The ogre is lightly wounded.
The ogre hits you with a +0 giant club!!
You are too injured to fight recklessly!
You are too injured to fight recklessly!
You are too injured to fight recklessly!
You are too injured to fight recklessly!
You are too injured to fight recklessly!
You are too injured to fight recklessly!
You are too injured to fight recklessly!
You are too injured to fight recklessly!
You are too injured to fight recklessly!
You are too injured to fight recklessly!
You are too injured to fight recklessly!
You are too injured to fight recklessly!
You are too injured to fight recklessly!
You are too injured to fight recklessly!
You are too injured to fight recklessly!
You are too injured to fight recklessly!
You are too injured to fight recklessly!
You punch the ogre!
The ogre is heavily wounded.
You have got your breath back.
You barely miss the ogre.
The ogre is heavily wounded.
The ogre hits you with a +0 giant club!!
You hit the ogre.
The ogre is heavily wounded.
You punch the ogre!
The ogre is almost dead.
The ogre hits you with a +0 giant club!!
* * * LOW HITPOINT WARNING * * *
You barely miss the ogre.
The ogre is almost dead.
The ogre hits you with a +0 giant club!!
You die...
Xom thinks this is hilarious!

,, #.# ,* #.#,
######### , #.#
#.......# ,, * #.#
#.......# * * ** #.#.
##.......#
#.#.###...(....#
#.#...#........#
####'###'#........# *
,.###..........@O.....#
.....................#
###..................#
#..................# *
#..................#
##...........#######
##...###.#### *
###.....# ,
#########.#######


You could see an ogre.

Vanquished Creatures
  An ice beast (D:5)
  An ogre (D:5)
  3 necrophages (D:4)
  A scorpion (D:5)
  A water moccasin zombie (D:4)
  A bombardier beetle (D:3)
  A bullfrog zombie (D:4)
  2 hounds
  A jelly (D:5)
  An orc priest (D:4)
  A bullfrog skeleton (D:4)
  A human zombie (D:4)
  A centaur skeleton (D:4)
  A scorpion zombie (D:4)
  A sleepcap (D:5)
  2 orc wizards (D:5)
  2 hound zombies (D:4)
  An adder (D:3)
  An adder skeleton (D:4)
  5 dart slugs
  A ribbon worm (D:4)
  9 orcs
  6 endoplasms
  A giant cockroach (D:3)
  6 goblins
  2 hobgoblins (D:1)
  A quokka (D:1)
  7 ball pythons
  7 bats
  7 kobolds
  2 rats (D:1)
78 creatures vanquished.

Vanquished Creatures (collateral kills)
  Pikel (D:5)
  A wyvern (D:5)
  2 lemures (D:5)
  A bombardier beetle (D:5)
  An orc priest (D:5)
  An orc wizard (D:5)
  An adder (D:5)
  2 orcs (D:5)
10 creatures vanquished.

Vanquished Creatures (others)
  An orc wizard (D:5)
  2 orcs (D:5)
3 creatures vanquished.

Grand Total: 91 creatures vanquished

Notes
Turn   | Place    | Note
-------+----------+-------------------------------------------
     0 | D:1      | spaghetti the Naga Chaos Knight began the quest for the
                  | Orb.
     0 | D:1      | Reached XP level 1. HP: 21/21 MP: 1/1
   113 | D:1      | Reached XP level 2. HP: 26/28 MP: 2/2
   172 | D:1      | XOM: divination: magic mapping
   341 | D:1      | XOM: silly message
   393 | D:1      | XOM: silly message
   518 | D:1      | Found Vaotiyni's Armour Shoppe.
   697 | D:1      | Found Ridwoaw's Jewellery Emporium.
   782 | D:1      | Found Kasymese's Weapon Shoppe.
   911 | D:2      | Reached XP level 3. HP: 34/34 MP: 3/3
  1003 | D:2      | XOM: cloud trail
  1308 | D:3      | XOM: noise
  1323 | D:3      | Found a blossoming altar of Fedhas.
  1655 | D:3      | Reached skill level 4 in Fighting
  1655 | D:3      | Reached XP level 4. HP: 13/44 MP: 4/4
  1756 | D:3      | XOM: god gift: wooden wand {god gift}
  1794 | D:3      | Found a shadowy altar of Dithmenos.
  1811 | D:3      | XOM is BORED!
  2050 | D:3      | Found a faded altar of an unknown god.
  2290 | D:4      | Reached skill level 1 in Evocations
  2447 | D:4      | Reached XP level 5. HP: 48/50 MP: 5/5
  2538 | D:4      | Found a shimmering altar of Xom.
  2576 | D:4      | Found a snail-covered altar of Cheibriados.
  2614 | D:4      | XOM: god gift: book of Geomancy
  2699 | D:4      | XOM: cloud trail
  2909 | D:4      | XOM: god gift: wand of paralysis (5)
  2941 | D:4      | XOM: divination: magic mapping
  2950 | D:4      | Reached XP level 6. HP: 42/57 MP: 6/6
  3088 | D:4      | Found an ancient bone altar of Kikubaaqudgha.
  3095 | D:4      | XOM: fog
  3212 | D:4      | Reached skill level 5 in Evocations
  3303 | D:4      | Reached skill level 5 in Fighting
  3303 | D:4      | Reached XP level 7. HP: 64/67 MP: 7/7
  3327 | D:4      | XOM: cloud trail
  3338 | D:4      | XOM: scenery: 1 doors open, 7 doors close
  3615 | D:5      | Entered Level 5 of the Dungeon
  3809 | D:5      | Noticed Pikel
  3822 | D:5      | Killed Pikel
  3823 | D:5      | Reached skill level 8 in Fighting
  3823 | D:5      | Reached XP level 8. HP: 52/81 MP: 8/8
  3947 | D:5      | Noticed a wyvern
  3950 | D:5      | XOM: summons friendly iron imp
  3952 | D:5      | Killed a wyvern
  3965 | D:5      | XOM: god gift: 6 stones
  3993 | D:5      | Found Qutwusko's General Store.
  4071 | D:5      | Found an iron altar of Okawaru.
  4075 | D:5      | XOM: butterfly on damage
  4090 | D:5      | Reached skill level 9 in Fighting
  4091 | D:5      | Gained mutation: You are clumsy. (Dex -2) [potion of
                  | mutation]
  4091 | D:5      | Gained mutation: Your tail ends in a venomous barb. [potion
                  | of mutation]
  4091 | D:5      | Gained mutation: You passively map a small area around you.
                  | [potion of mutation]
  4091 | D:5      | Gained mutation: Your mind is acute. (Int +4, Str/Dex -1)
                  | [potion of mutation]
  4097 | D:5      | XOM: scenery: create altars
  4102 | D:5      | HP: 4/85 [burnt (6)]
  4378 | D:5      | XOM: fog
  4407 | D:5      | XOM: snakes to sticks
  4458 | D:5      | XOM: god gift: 48 gold pieces
  4676 | D:5      | XOM: enchant monster (good)
  4725 | D:5      | XOM: scenery: create altars
  4768 | D:5      | XOM: 2-stop teleportation journey
  4774 | D:5      | Reached XP level 9. HP: 62/93 MP: 9/9
  5161 | D:5      | XOM: silly message
  5170 | D:5      | XOM: divination: detect items
  5284 | D:6      | Found a burning altar of Makhleb.
  5293 | D:6      | Reached skill level 10 in Fighting
  5353 | D:6      | XOM: silly message
  5377 | D:6      | Mangled by an ogre

Illustrated notes

Levels and vault maps discovered:
D:1:      dpeg_arrival_water_temple_mockup, layout_loops_ring, serial_shops,
          nicolae_shop_just_a_little_nook, nicolae_shop_statue_plus,
          nicolae_shop_peninsula
D:2:      layout_rooms
D:3:      layout_loops_corners, mainiacjoe_overflow_brackets,
          mainiacjoe_overflow_paths,
          hellmonk_ecumenical_altar_pennies_from_heaven, amethyst_killhole,
          st_stairs_6, amcnicky_mini_corridor_feature
D:4:      layout_loops_ring, lemuel_mausoleum_altar_kikubaaqudgha,
          mainiacjoe_overflow_big_doors
D:5:      layout_cave_pods, okawaru_metal_pillars_3, serial_shops,
          nicolae_shop_crystal, grunt_decor_junction, uniq_pikel
D:6:      layout_basic, makhleb_heckhound_becter, uniq_blork_the_orc

Skill      XL: |  1  2  3  4  5  6  7  8  9 |
---------------+----------------------------+-----
Unarmed Combat | 4 |  4.0
Fighting       | 4 5 8 9 10 | 10.0
Evocations     | 2 4 5 |  5.0
Armour         | |  1.5
Dodging        | |  0.7

Action                     |  1- 3 |  4- 6 |  7- 9 || total
---------------------------+-------+-------+-------++-------
  Melee: Unarmed           |    48 |    95 |   141 ||   284
         Punch             |     2 |     4 |     1 ||     7
         Dagger            |    22 |    50 |       ||    72
Ability: Spit Poison       |    26 |    13 |    19 ||    58
    Use: Scroll            |     7 |       |       ||     7
         Potion            |       |     1 |     6 ||     7
 Armour: Leather armour    |    50 |    96 |   138 ||   284
         Skin              |       |    15 |       ||    15
  Dodge: Dodged            |    37 |    47 |    69 ||   153
